Map: Frostline LE

Players

Jumy (ForJumy)

  • Race: Protoss Protoss
  • League: Grandmaster
  • Spawn Location: 7:00

Harstem - Winner!

  • Race: Protoss Protoss
  • League: Grandmaster
  • Spawn Location: 1:00

Event: HomeStory Cup XXVI

VOD

Have the link to the VOD?

Description

Time

  • Played on: Nov. 30, 2024, 4:33 p.m.
  • Length: 8:08

All games in this series

Show
View Real Time Build Order
Export as new Build Order

Jumy Protoss 

Build Orders: Phoenix Opening, Blink Stalkers 

Get SALT Encoding   

  12  0:00  Probe  
  13  0:12  Probe  
  14  0:17  Pylon  
  14  0:24  Probe  
  15  0:33  Probe  
  15  0:35  Gateway  
  15  0:41  Probe  
  16  0:47  Assimilator  
  17  0:51  Probe  
  17  0:55  Assimilator  
  18  1:00  Probe  
  19  1:07  Gateway  
  19  1:08  Probe  
  19  1:17  Probe  
  20  1:24  Cybernetics Core  
  21  1:29  Probe  
  22  1:35  Pylon  
  22  1:41  Probe  
  23  1:51  Warp Gate  
  23  1:54  Probe  
  24  1:57  Stalker  
  24  2:00  Sentry  
  28  2:06  Probe  
  29  2:10  Pylon  
  29  2:18  Probe  
  30  2:32  Phoenix  
  30  2:34  Nexus  
  30  2:38  Sentry  
  30  2:40  Probe  
  33  2:48  Pylon  
  33  2:53  Shield Battery  
  33  2:56  Probe  
  34  3:01  Stalker  
  36  3:08  Probe  
  37  3:14  Twilight Council  
  37  3:20  Probe  
  38  3:32  Probe  
  39  3:39  Stalker x2  
  41  3:41  Blink  
  41  3:42  Probe  
  40  3:51  Probe x2  
  42  4:00  Probe  
  42  4:07  Stalker  
  45  4:10  Probe  
  45  4:11  Probe  
  47  4:19  Gateway, Probe  
  47  4:23  Probe  
  49  4:29  Probe  
  50  4:32  Gateway  
  50  4:36  Pylon  
  50  4:37  Probe  
  51  4:47  Probe  
  51  4:49  Probe  
  53  4:56  Gateway x2  
  53  4:57  Shield Battery  
  53  5:01  Stalker  
  53  5:05  Stalker  
  57  5:10  Probe  
  57  5:11  Probe  
  57  5:13  Assimilator  
  59  5:19  Stalker  
  61  5:22  Probe  
  61  5:24  Pylon  
  61  5:25  Probe  
  63  5:35  Stalker x3  
  69  5:43  Pylon  
  69  5:51  Stalker x3  
  75  5:58  Pylon  
  75  6:04  Stalker x2  
  79  6:07  Stalker  
  81  6:13  Stalker  
  83  6:23  Stalker x2  
  83  6:29  Stalker x2  
  71  6:51  Stalker  
  71  6:52  Stalker x2  
  75  7:04  Stalker  
  75  7:05  Probe  
  75  7:07  Pylon  
  75  7:08  Pylon  
  68  7:12  Stalker  
  70  7:16  Pylon  
  70  7:17  Stalker x3  
  76  7:27  Stalker x2  
  79  7:41  Stalker x3  
  85  7:55  Stalker x2  
Show
View Real Time Build Order
Export as new Build Order

Harstem Protoss - Winner!

Build Orders: Oracle Opening, Blink Stalkers 

Get SALT Encoding   

  12  0:00  Probe  
  13  0:12  Probe  
  14  0:19  Pylon  
  14  0:24  Probe  
  15  0:33  Probe  
  15  0:39  Gateway  
  15  0:41  Probe  
  16  0:47  Assimilator  
  17  0:51  Probe  
  17  0:54  Assimilator  
  18  0:59  Probe  
  19  1:08  Probe  
  19  1:17  Gateway  
  19  1:18  Probe  
  21  1:26  Cybernetics Core  
  21  1:30  Probe  
  22  1:39  Pylon  
  22  1:42  Probe  
  23  1:57  Probe  
  24  2:03  Stargate  
  24  2:04  Adept, Warp Gate  
  26  2:12  Pylon  
  28  2:19  Probe  
  29  2:36  Oracle  
  26  2:46  Nexus  
  26  2:48  Probe  
  30  2:55  Stalker  
  30  3:01  Probe  
  30  3:03  Oracle  
  33  3:13  Probe  
  33  3:17  Pylon  
  37  3:25  Probe  
  38  3:35  Twilight Council  
  38  3:37  Probe  
  39  3:49  Probe  
  39  3:55  Probe  
  40  3:56  Blink  
  40  4:01  Probe  
  42  4:03  Probe  
  42  4:05  Stalker x2  
  42  4:09  Pylon  
  47  4:13  Probe x2  
  49  4:25  Probe x2  
  49  4:28  Stalker  
  53  4:32  Stalker  
  53  4:37  Probe x2  
  57  4:41  Assimilator  
  57  4:49  Probe x2  
  59  4:52  Gateway  
  59  4:54  Gateway  
  59  4:59  Stalker  
  61  5:02  Stalker, Probe  
  61  5:05  Pylon  
  64  5:18  Nexus  
  64  5:24  Stalker  
  66  5:31  Stalker  
  66  5:33  Probe  
  66  5:34  Probe  
  70  5:44  Pylon  
  70  5:45  Probe  
  70  5:46  Probe  
  70  5:47  Stalker, Sentry  
  76  5:51  Stalker  
  76  5:54  Pylon  
  78  6:05  Stalker, Probe  
  78  6:07  Probe  
  80  6:18  Stalker x3  
  80  6:21  Shield Battery  
  84  6:27  Probe  
  84  6:28  Probe  
  86  6:36  Stalker  
  86  6:37  Probe  
  86  6:39  Probe  
  86  6:40  Probe  
  86  6:48  Stalker x2  
  86  6:49  Stalker, Probe  
  86  6:51  Probe  
  86  6:52  Probe  
  94  6:56  Forge  
  94  6:59  Stalker  
  94  7:01  Gateway, Probe  
  97  7:03  Probe  
  97  7:06  Probe  
  99  7:10  Pylon  
  99  7:13  Gateway  
  99  7:15  Stalker x3  
  106  7:21  Probe  
  106  7:24  Robotics Facility  
  106  7:26  Probe  
  107  7:30  Stalker  
  107  7:31  Probe  
  107  7:33  Probe  
  109  7:41  Stalker x2  
  109  7:42  Stalker  
  109  7:43  Probe  
  115  7:46  Probe  
  115  7:48  Probe  
  115  7:55  Stalker, Probe  
  115  7:56  Pylon  
  115  7:58  Pylon  
  117  8:05  Stalker x2  
Tags
 
Add a new tag
Caveats
  • Supply blocks, unpowered buildings, or Contaminate may cause inaccurate times.
  • Supply counts are checked every 10 seconds.